AoeStats
← Lord_Juanuribe

African Clearing

510439762Analyzed
3v3 RM · 17h ago on Oct 1, 2026· 50m 54s· 6 players
Game mode
Random Map
Map size
Normal (6 player)
Population
200
Speed
Normal
Resources
Standard
Victory
Conquest
Starting age
Dark Age
Ending age
Imperial Age
RankedLock teamsTeams togetherTeam positionsShared explorationLock speedFull tech treeHidden civsTurbo modeCheats
Victory
Defeat
🇦🇷 Magyars · Argentina
1385
+10
🇨🇴 Bohemians · Colombia
1279
+14
🇺🇸 Vietnamese · United States
1272
+14
🇨🇦 Vikings · Canada
1426
-19
🇺🇸 Magyars · United States
1164
-10
1129
-9
{MAMP}Elky
11:50 Loom
14:03 Feudal Age
17:43 Castle Age
15:39 Double-Bit Axe
18:17 Fletching
22:31 Bodkin Arrow
24:47 Ballistics
24:55 Padded Archer Armor
25:40 Town Watch
26:13 Bow Saw
32:25 Gold Mining
32:25 Stone Mining
35:29 Imperial Age
35:36 Capped Ram
40:24 Onager
43:43 Conscription
44:11 Squires
43:57 Arson
45:29 Elite Varangian Guard
46:54 Horse Collar
48:17 Scale Mail Armor
48:27 Forging
48:18 Bracer
49:38 Chieftains
50:41 Chain Mail Armor
51:02 Iron Casting
{MAMP}laQUEENde FIFI BING BING
3:08 Loom
15:08 Feudal Age
20:44 Castle Age
19:02 Bloodlines
18:52 Double-Bit Axe
19:50 Horse Collar
29:31 Wheelbarrow
29:44 Gold Mining
36:24 Imperial Age
34:30 Light Cavalry
35:48 Husbandry
35:52 Grand Trunk Road
36:29 Fletching
36:45 Scale Barding Armor
37:01 Husbandry
37:46 Forging
39:11 Chain Barding Armor
39:28 Scale Mail Armor
40:38 Heavy Camel Rider
43:28 Hand Cart
42:35 Hussar
48:07 Iron Casting
47:29 Elite Skirmisher
hellogeorgia1
3:19 Loom
13:29 Feudal Age
21:20 Castle Age
47:35 Double-Bit Axe
47:34 Horse Collar
48:02 Fletching
itzdartzz_
4:51 Loom
12:34 Feudal Age
14:01 Double-Bit Axe
17:27 Castle Age
16:04 Gold Mining
16:30 Horse Collar
17:01 Fletching
21:11 Horse Collar
21:53 Bow Saw
23:39 Bodkin Arrow
26:25 Wheelbarrow
28:17 Ballistics
28:48 Padded Archer Armor
31:10 Leather Archer Armor
35:07 Hand Cart
40:33 Imperial Age
41:28 Bracer
42:35 Chemistry
41:20 Elite Rattan Archer
44:06 Scale Barding Armor
44:11 Forging
44:31 Ring Archer Armor
45:11 Two-Man Saw
44:38 Husbandry
44:48 Bloodlines
43:58 Light Cavalry
46:11 Chain Barding Armor
46:26 Iron Casting
49:25 Paper Money
49:07 Chatras
48:42 Sappers
50:12 Plate Barding Armor
Lord_Juanuribe
12:16 Loom
14:20 Feudal Age
18:41 Castle Age
19:38 Fletching
20:09 Double-Bit Axe
21:48 Wheelbarrow
23:29 Ballistics
24:06 Horse Collar
27:21 Chemistry
28:12 Town Watch
28:16 Pikeman
30:39 Hand Cart
33:38 Bodkin Arrow
39:01 Imperial Age
39:27 Scale Mail Armor
41:00 Heavy Plow
41:03 Bracer
41:20 Chain Mail Armor
46:21 Conscription
46:14 Squires
46:47 Plate Mail Armor
46:28 Forging
46:16 Halberdier
47:49 Arson
49:36 Iron Casting
49:40 Houfnice
tafarafa
10:39 Loom
12:57 Feudal Age
14:35 Double-Bit Axe
15:35 Scale Barding Armor
17:32 Bloodlines
19:07 Horse Collar
25:44 Castle Age
24:16 Scale Mail Armor
24:35 Gold Mining
25:12 Fletching
27:20 Bodkin Arrow
27:52 Bow Saw
31:32 Gold Shaft Mining
34:16 Ballistics
36:42 Padded Archer Armor
40:56 Leather Archer Armor
40:49 Town Watch
43:01 Stone Mining
43:48 Wheelbarrow
44:10 Chain Barding Armor
44:10 Husbandry
43:31 Light Cavalry
48:41 Imperial Age
49:46 Bracer
49:37 Capped Ram
51:21 Plate Barding Armor
50:49 Heavy Plow
52:14 Chemistry
Connection lost

Rejoining the realm…

Still unreachable

The connection could not be restored.

Session expired

The server has moved on; the page needs a fresh start.